 Dungeon Crawl Stone Soup version 0.19.5 (webtiles) character file.

9202 Kosschaser the Grappler (level 11, 0/104 HPs)
             Began as a Troll Berserker on May 26, 2017.
             Was a High Priest of Trog.
             Slain by a slime creature (12 damage)
             ... on level 11 of the Dungeon.
             The game lasted 00:35:52 (7478 turns).

Kosschaser the Grappler (Troll Berserker)           Turns: 7478, Time: 00:35:53

Health: 0/104      AC:  8    Str: 30    XL:     11   Next: 19%
Magic:  10/10      EV: 12    Int:  3    God:    Trog [*****.]
Gold:   542        SH:  0    Dex:  9    Spells: 0 memorised, 10 levels left

rFire  . . .     SeeInvis .       - Unarmed
rCold  . . .     Gourm    +     a - +0 animal skin
rNeg   . . .     Faith    .     (no shield)
rPois  .         Spirit   .     (helmet restricted)
rElec  .         Reflect  .     m - +2 cloak {+Inv}
rCorr  .         Harm     .     (gloves unavailable)
MR     +....                    (boots unavailable)
Stlth  +.........               (no amulet)
                                j - ring of protection from magic
                                d - +3 ring of slaying

@: lethally poisoned (0 -> 0), exhausted, about to teleport, slowed, very slow
A: unfitting armour, claws 3, fast metabolism 3, gourmand, regeneration 1,
screaming 1, shaggy fur 1, tough skin 2
a: Berserk, Trog's Hand, Brothers in Arms, Burn Spellbooks, Renounce Religion,
Evoke Invisibility


You were on level 11 of the Dungeon.
You worshipped Trog.
Trog was extremely pleased with you.
You were full.

You visited 1 branch of the dungeon, and saw 11 of its levels.
You also visited: Ossuary.

You collected 542 gold pieces.

Inventory:

Armour
 a - a +0 animal skin (worn)
 m - a +2 cloak of invisibility (worn)
Jewellery
 d - a +3 ring of slaying (left claw)
 j - a ring of protection from magic (right claw)
 H - an uncursed ring of poison resistance
Wands
 n - a wand of iceblast (8/15)
 q - a wand of random effects (26/48)
 w - a wand of iceblast (3/15)
 F - a wand of slowing (29/48)
Scrolls
 e - 4 scrolls of recharging
 k - 4 scrolls of teleportation
 s - a scroll of blinking {unknown}
 t - 3 scrolls of magic mapping
 x - 2 scrolls of enchant armour
 y - a scroll of enchant weapon
 A - 2 scrolls of remove curse
 B - a scroll of torment {unknown}
 C - a scroll of identify
Potions
 f - 2 potions of might
 g - 2 potions of lignification {unknown}
 h - 2 potions of flight {unknown}
 l - 4 potions of haste {unknown}
 o - 4 potions of brilliance {unknown}
 p - 2 potions of degeneration {unknown}
 r - 4 potions of curing {unknown}
 u - a potion of cure mutation {unknown}
 D - 2 potions of cancellation {unknown}
 E - a potion of resistance {unknown}
 G - a potion of mutation {unknown}
 J - a potion of agility {unknown}
Comestibles
 b - 9 bread rations
 i - 9 meat rations
 v - 5 fruits
 z - a royal jelly
 I - a slice of pizza


   Skills:
 + Level 5.4 Fighting
 + Level 7.2 Dodging
 + Level 14.1 Unarmed Combat
 + Level 0.3 Evocations


You had 10 spell levels left.
You didn't know any spells.

Dungeon Overview and Level Annotations

Branches:
Dungeon (11/15)            Temple (0/1) D:7
   Lair: D:8-11         Orc: D:9-12

Altars:
Cheibriados
Elyvilon
Makhleb
Nemelex Xobeh
Okawaru
Qazlal
Sif Muna
Yredelemnul
The Shining One

Shops:
D:6 *


Innate Abilities, Weirdness & Mutations

You are too large for most types of armour.
You have claws for hands.
Your metabolism is lightning-fast.
You like to eat raw meat.
Your natural rate of healing is unusually fast.
You are covered in fur. (AC +1)
You have very tough skin. (AC +2)
You occasionally shout uncontrollably at your foes.


Message History

Trog accepts your kill. The yak gores you but does no damage.
The slime creature hits you!
* * * LOW HITPOINT WARNING * * *
A yak and a slime creature come into view.
You feel much better.
You feel sick.
Your ogre barely misses the iguana.
The orc hits you with a short sword!
* * * LOW HITPOINT WARNING * * *
The yak gores you.
* * * LOW HITPOINT WARNING * * *
The slime creature hits you!
* * * LOW HITPOINT WARNING * * *
The iguana bites you.
* * * LOW HITPOINT WARNING * * *
The orc misses you.
Your ogre completely misses the iguana.
The yak gores you but does no damage.
A slime creature comes into view.
Okay, then.
As you read the scroll of teleportation, it crumbles to dust.
You feel strangely unstable. The slime creature hits you!
You die...

....... .####
..............
..........J..#
...........#...#
.....Y......J..###
........O.#.......
o..........l#J...###
.........[loY@.......
..#.......#.o######..
.#......#...##
........#...###..
......##.)....... .
#............#
#...##†...#.......#
#......<...........
....##.#.#.##....#.


You could see 3 slime creatures, a komodo dragon, 2 yaks, an iguana, 2 orcs and
a friendly ogre (berserk).

Vanquished Creatures
  2 hill giants (D:10)
  An ugly thing (D:11)
  2 rust devils (D:7)
  2 centaur skeletons
  A merfolk (D:10)
  2 trolls
  2 two-headed ogres
  A hippogriff (D:9)
  A hungry ghost (D:9)
  A steam dragon (D:8)
  A water moccasin (D:7)
  4 ogres
  4 orc warriors
  A necrophage (D:8)
  3 sky beasts
  5 ice beasts
  2 centaurs
  A crocodile (D:7)
  6 bullfrogs
  A gnoll sergeant (D:4)
  2 water moccasin zombies (Ossuary)
  A wyvern skeleton (D:9)
  A water moccasin skeleton (D:5)
  9 scorpions
  7 wights
  11 killer bees
  3 howler monkeys
  A crimson imp (D:8)
  A bullfrog zombie (D:11)
  5 orc priests
  2 hounds
  A jelly (D:9)
  6 orc wizards
  Crazy Yiuf (D:6)
  A bullfrog skeleton (D:4)
  3 iguanas
  Natasha (thrice) (D:2)
  5 worker ants
  A killer bee zombie (D:10)
  2 big kobold zombies (Ossuary)
  2 mummies (Ossuary)
  A howler monkey zombie (D:5)
  2 worker ant zombies
  9 gnolls
  18 adders
  3 shadow imps
  5 adder zombies (Ossuary)
  An adder skeleton (D:9)
  2 worms
  A leopard gecko (D:4)
  34 orcs
  7 giant cockroaches
  7 goblins
  3 hobgoblins
  10 jackals
  3 quokkas
  2 ball pythons
  11 bats
  2 frilled lizards (D:3)
  7 hobgoblin zombies (Ossuary)
  A jackal skeleton (D:7)
  6 kobold zombies (Ossuary)
  A leopard gecko zombie (D:9)
  8 orc zombies (Ossuary)
  8 rats
263 creatures vanquished.

Vanquished Creatures (collateral kills)
  A crocodile (D:11)
  A killer bee (D:11)
  An orc (D:11)
3 creatures vanquished.

Vanquished Creatures (others)
  A fungus (D:6)
1 creature vanquished.

Grand Total: 267 creatures vanquished

Notes
Turn   | Place    | Note
-------+----------+-------------------------------------------
     0 | D:1      | Kosschaser the Troll Berserker began the quest for the Orb.
     0 | D:1      | Reached XP level 1. HP: 22/22 MP: 0/0
    20 | D:1      | You fall through a shaft!
    32 | D:2      | Reached XP level 2. HP: 16/29 MP: 1/1
    92 | D:2      | Noticed Natasha
    96 | D:2      | Killed Natasha
    96 | D:2      | Reached XP level 3. HP: 36/36 MP: 2/2
   232 | D:2      | Found an iron altar of Okawaru.
   240 | D:2      | Reached XP level 4. HP: 42/45 MP: 3/3
   472 | D:2      | Noticed Natasha
   479 | D:2      | Killed Natasha
   940 | D:2      | Noticed Natasha
   945 | D:2      | Killed Natasha
   945 | D:2      | Reached skill level 4 in Unarmed Combat
   974 | D:3      | Reached ** piety under Trog
  1008 | D:3      | Reached XP level 5. HP: 45/53 MP: 4/4
  1556 | D:4      | Reached skill level 5 in Unarmed Combat
  1569 | D:4      | Reached XP level 6. HP: 53/61 MP: 5/5
  1679 | D:4      | Found a basalt altar of Yredelemnul.
  1770 | D:4      | Reached skill level 6 in Unarmed Combat
  1783 | D:4      | Reached *** piety under Trog
  1991 | D:5      | Entered Level 5 of the Dungeon
  2069 | D:5      | Reached XP level 7. HP: 61/68 MP: 6/6
  2581 | D:6      | Reached skill level 7 in Unarmed Combat
  2758 | D:6      | Reached XP level 8. HP: 72/78 MP: 7/7
  2811 | D:6      | Reached skill level 8 in Unarmed Combat
  2859 | D:6      | Found a runed door.
  2873 | D:6      | Noticed Crazy Yiuf
  2885 | D:6      | Killed Crazy Yiuf
  3191 | D:6      | Reached **** piety under Trog
  3408 | D:6      | Found Xemeamubb's Serpentskin Sales.
  3470 | D:7      | Reached skill level 9 in Unarmed Combat
  3550 | D:7      | Found a sand-covered staircase.
  3555 | D:7      | Found a white marble altar of Elyvilon.
  3557 | Ossuary  | Entered an ossuary
  3634 | Ossuary  | Reached skill level 5 in Dodging
  3672 | Ossuary  | Reached ***** piety under Trog
  3786 | D:7      | Reached XP level 9. HP: 45/85 MP: 8/8
  3827 | D:7      | Received a gift from Trog
  3833 | D:7      | Reached skill level 10 in Unarmed Combat
  3918 | D:7      | Found an iron altar of Okawaru.
  3985 | D:7      | Got a transparent granite ring
  3996 | D:7      | Found a faded altar of an unknown god.
  3996 | D:7      | Found a faded altar of an unknown god.
  4001 | D:7      | Found a faded altar of an unknown god.
  4003 | D:7      | Found a faded altar of an unknown god.
  4005 | D:7      | Found a deep blue altar of Sif Muna.
  4068 | D:7      | Found a staircase to the Ecumenical Temple.
  4195 | D:7      | Found a glowing golden altar of the Shining One.
  4606 | D:8      | Found a stormy altar of Qazlal.
  4662 | D:8      | Reached skill level 11 in Unarmed Combat
  4784 | D:7      | Noticed a rust devil
  4784 | D:7      | Noticed a rust devil
  4901 | D:8      | Found a snail-covered altar of Cheibriados.
  5166 | D:8      | Reached skill level 12 in Unarmed Combat
  5216 | D:8      | Found a sparkling altar of Nemelex Xobeh.
  5348 | D:8      | Reached XP level 10. HP: 79/94 MP: 9/9
  5431 | D:7      | Killed a rust devil
  5441 | D:7      | Killed a rust devil
  5793 | D:9      | Gained mutation: You occasionally shout uncontrollably at your foes. [mutagenic meat]
  5916 | D:9      | Reached skill level 13 in Unarmed Combat
  5932 | D:9      | Found a burning altar of Makhleb.
  6197 | D:10     | Entered Level 10 of the Dungeon
  6295 | D:10     | Identified the ring "Daemm" {rC+ Stlth+} (You found it on level 7 of the Dungeon)
  6449 | D:10     | Noticed a hill giant
  6457 | D:10     | Killed a hill giant
  6457 | D:10     | Reached skill level 5 in Fighting
  6465 | D:10     | Noticed a hill giant
  6468 | D:10     | HP: 7/144 [killer bee (4)]
  6470 | D:10     | HP: 2/96 [poisoned by a killer bee]
  7019 | D:10     | Killed a hill giant
  7019 | D:10     | Reached XP level 11. HP: 81/104 MP: 10/10
  7279 | D:10     | Reached skill level 14 in Unarmed Combat
  7395 | D:11     | Noticed a brown ugly thing
  7404 | D:10     | Received a gift from Trog
  7448 | D:11     | Killed a brown ugly thing
  7476 | D:11     | HP: 2/104 [slime creature (17)]
  7478 | D:11     | Slain by a slime creature

Skill      XL: |  1  2  3  4  5  6  7  8  9 10 11 |
---------------+----------------------------------+-----
Fighting       | 3 4 5 |  5.4
Dodging        | 3 4 5 6 7 |  7.2
Unarmed Combat | 4 5 6 7 9 12 13 14 | 14.1
Evocations     | |  0.3

Action                   |  1- 3 |  4- 6 |  7- 9 | 10-12 || total
-------------------------+-------+-------+-------+-------++-------
Melee: Unarmed           |    28 |   159 |   302 |   195 ||   684
       Punch             |       |       |    15 |    14 ||    29
Invok: Berserk           |     1 |     1 |       |     3 ||     5
       Trog's Hand       |       |     1 |       |     1 ||     2
       Burn Spellbooks   |       |       |     1 |     2 ||     3
       Brothers in Arms  |       |       |       |     1 ||     1
 Abil: Evoke Invisibilit |       |       |     1 |       ||     1
  Use: Scroll            |       |       |    12 |     7 ||    19
       Potion            |       |       |       |     5 ||     5
 Stab: Sleeping          |       |     1 |       |       ||     1
       Invisible         |       |       |     1 |       ||     1
  Eat: Chunk             |     2 |    23 |    29 |    29 ||    83
Armor: Animal skin       |     8 |    57 |    80 |    81 ||   226
Dodge: Dodged            |    18 |   108 |   159 |   144 ||   429
